AoeStats
← alexmavrovic

Arabia

508662916Analyzed
2v2 RM · 9d ago on Sep 23, 2026· 44m 6s· 4 players
Game mode
Random Map
Map size
Medium (4 player)
Population
200
Speed
Normal
Resources
Standard
Victory
Conquest
Starting age
Dark Age
Ending age
Imperial Age
RankedLock teamsTeams togetherTeam positionsShared explorationLock speedFull tech treeHidden civsTurbo modeCheats
Victory
Defeat
🇪🇸 Magyars · Spain
1196
+14
🇪🇸 Berbers · Spain
1061
+20
🇨🇦 Varangians · Canada
1152
-17
🇫🇷 Saxons · France
1144
-17
|GaoeG| Ratarax
6:42 Loom
10:02 Feudal Age
15:10 Double-Bit Axe
15:50 Horse Collar
21:18 Castle Age
20:12 Bloodlines
20:15 Scale Barding Armor
20:31 Forging
20:26 Gold Mining
23:12 Gold Shaft Mining
23:31 Chain Barding Armor
23:24 Husbandry
26:07 Iron Casting
29:11 Wheelbarrow
31:32 Stone Mining
36:10 Imperial Age
34:01 Hand Cart
36:25 Bow Saw
36:08 Fletching
36:19 Padded Archer Armor
36:43 Town Watch
36:31 Heavy Camel Rider
39:05 Plate Barding Armor
39:31 Blast Furnace
39:03 Maghrebi Camels
40:50 Bodkin Arrow
41:11 Leather Archer Armor
42:35 Chemistry
|GaoeG|esparza
6:30 Loom
9:07 Feudal Age
10:01 Double-Bit Axe
11:02 Horse Collar
21:15 Castle Age
19:22 Gold Mining
20:41 Scale Barding Armor
20:48 Bloodlines
22:21 Wheelbarrow
22:23 Bow Saw
22:44 Husbandry
23:31 Chain Barding Armor
23:21 Heavy Plow
28:19 Hand Cart
30:47 Fletching
30:58 Padded Archer Armor
32:05 Thumb Ring
32:03 Bodkin Arrow
32:48 Ballistics
32:32 Town Watch
33:34 Gold Shaft Mining
36:57 Imperial Age
38:09 Parthian Tactics
37:48 Bracer
37:09 Elite Skirmisher
38:53 Chemistry
39:03 Leather Archer Armor
39:06 Recurve Bow
40:02 Sanctity
40:16 Ring Archer Armor
40:13 Conscription
39:18 Capped Ram
40:05 Town Patrol
41:54 Plate Barding Armor
42:08 Heavy Cavalry Archer
alexmavrovic
6:07 Loom
9:37 Feudal Age
19:22 Castle Age
17:36 Double-Bit Axe
17:43 Horse Collar
22:32 Bloodlines
25:09 Wheelbarrow
24:35 Gold Mining
24:56 Husbandry
25:26 Pikeman
26:35 Squires
27:19 Scale Mail Armor
30:08 Chain Mail Armor
34:11 Forging
35:53 Iron Casting
38:00 Imperial Age
36:04 Stone Mining
36:26 Bow Saw
37:56 Hand Cart
37:48 Heavy Plow
38:05 Halberdier
39:09 Conscription
40:17 Two-Man Saw
40:27 Crop Rotation
40:30 Elite Varangian Guard
41:32 Gothikon
43:39 Plate Mail Armor
44:46 Blast Furnace
kiara.g
6:51 Loom
9:29 Feudal Age
9:33 Man-at-Arms
16:58 Horse Collar
22:39 Castle Age
21:58 Double-Bit Axe
22:07 Gold Mining
24:30 Wheelbarrow
24:04 Thumb Ring
23:22 Crossbowman
23:56 Fletching
24:06 Padded Archer Armor
36:09 Imperial Age
35:38 Hand Cart
37:09 Town Watch
37:45 Elite Varangian Guard
38:43 Scale Mail Armor
40:08 Heavy Plow
40:41 Squires
Connection lost

Rejoining the realm…

Still unreachable

The connection could not be restored.

Session expired

The server has moved on; the page needs a fresh start.